 Dungeon Crawl Stone Soup version 0.31-a0-227-ga22c3bf811 (webtiles) character file.

Game seed: 16890163410425299685

408 Ijustatesigmund the Stinger (level 6, -1/39 HPs)
             Began as an Octopode Venom Mage on July 6, 2023.
             Was an Initiate of Vehumet.
             Slain by a sky beast (6 damage)
             ... on level 4 of the Dungeon.
             The game lasted 00:08:59 (4611 turns).

Ijustatesigmund the Stinger (Octopode Venom Mage)   Turns: 4611, Time: 00:09:00

Health: -1/39      AC:  1    Str:  7    XL:     6   Next: 88%
Magic:  9/11       EV: 13    Int: 20    God:    Vehumet [......]
Gold:   35         SH:  0    Dex: 12    Spells: 1/11 levels left

rFire   . . .        d - +0 trident
rCold   . . .        (no shield)
rNeg    . . .        (helmet restricted)
rPois   .            (no amulet)
rElec   .            (no ring)
rCorr   .            (no ring)
SInv    .            (no ring)
Will    .....        (no ring)
Stlth   +++          (no ring)
HPRegen 0.26/turn    (no ring)
MPRegen 0.12/turn    (no ring)
                     (no ring)

%: no passive effects
@: mighty
A: almost no armour, amphibious, 8 rings, camouflage 1, gelatinous body 1,
(nimble swimmer 1), tentacles
a: Renounce Religion


You were on level 4 of the Dungeon.
You worshipped Vehumet.
Vehumet was noncommittal.
You visited 2 branches of the dungeon, and saw 5 of its levels.

You collected 168 gold pieces.
You spent 133 gold pieces at shops.

Inventory:

Hand Weapons
 d - a +0 trident (weapon)
 g - a +0 orcbow
 m - a +0 short sword of holy wrath
Armour
 c - a +2 kite shield
Jewellery
 k - a ring of fire
 n - a ring of fire
Scrolls
 b - a scroll of fog
 j - a scroll of revelation
 o - 2 scrolls of poison {unknown}
Potions
 a - a potion of magic
 f - 2 potions of mutation
 h - a potion of ambrosia
 l - a potion of haste {unknown}
 p - a potion of degeneration {unknown}


   Skills:
 - Level 2.0 Fighting
 + Level 1.8 Polearms
 - Level 2.0 Dodging
 - Level 2.6 Stealth
 + Level 3.4 Spellcasting
 + Level 2.3 Conjurations
 - Level 1.0 Transmutations
 + Level 2.6 Air Magic
 + Level 5.2 Poison Magic


You had one spell level left.
You knew the following spells:

 Your Spells              Type           Power      Damage    Failure   Level
a - Sting                 Tmut/Pois      64%        1d6       3%          1
b - Poisonous Vapours     Pois/Air       38%        N/A       4%          2
c - Mephitic Cloud        Conj/Pois/Air  17%        N/A       10%         3
d - Olgreb's Toxic Radia  Pois           24%        N/A       16%         4

Your spell library contained the following spells:

 Spells                   Type           Power      Damage    Failure   Level
 Beastly Appendage        Tmut           14%        N/A       9%          1
 Spider Form              Tmut/Pois      16%        N/A       11%         3
 Wereblood                Tmut           7%         N/A       14%         2


Dungeon Overview and Level Annotations

Branches:
Dungeon (4/15)             Temple (1/1) D:4

Altars:
Ashenzari
Dithmenos
Elyvilon
Fedhas
Gozag
Hepliaklqana
Kikubaaqudgha
Makhleb
Nemelex Xobeh
Okawaru
Qazlal
Ru
Trog
Uskayaw
Vehumet
Wu Jian
Xom
Yredelemnul
Zin
The Shining One

Shops:
D:1 ?


Innate Abilities, Weirdness & Mutations

You cannot wear most types of armour.
You are amphibious.
You can wear up to eight rings at the same time.
Your skin changes colour to match your surroundings (Stealth+).
Your rubbery body absorbs attacks. (AC +1, EV +1)
((You are camouflaged when in or above water. (Stealth+)))
You have tentacles for arms and can constrict up to eight enemies at once.


Message History

You constrict the goblin.
You kill the goblin!
Vehumet accepts your kill. Something hits you but does no damage.
No target in view!
You feel very mighty all of a sudden. Something hits you. Something shocks you.
Found a stone staircase leading down.
A sky beast appears from thin air!
Reactivating autopickup.
The sky beast hits you. The sky beast shocks you.
Things that are here:
a +0 dagger; a goblin corpse The sky beast hits you.
The sky beast shocks you.
You barely miss the sky beast. You squeeze the sky beast!
The sky beast is moderately wounded.
The sky beast closely misses you.
You closely miss the sky beast.
The sky beast is moderately wounded.
The sky beast misses you.
Casting: Poisonous Vapours (safe; 4% risk of failure)
Confirm with . or Enter, or press ? or * to list all spells.
Aiming: Sting (safe; 3% risk of failure)
Press: ? - help, Shift-Dir - straight line, f - sky beast
Aim: a sky beast (moderately wounded, 64% to hit)
The sting hits the sky beast.
The sky beast is poisoned.
The sky beast is heavily wounded.
The sky beast hits you.
* * * LOW HITPOINT WARNING * * *
The sky beast shocks you.
* * * LOW HITPOINT WARNING * * *
You feel better. The sky beast hits you.
* * * LOW HITPOINT WARNING * * *
The sky beast shocks you.
* * * LOW HITPOINT WARNING * * *
You feel better.
The sky beast flickers out of sight!
Deactivating autopickup; reactivate with Ctrl-A.
Something hits you.
* * * LOW HITPOINT WARNING * * *
Something shocks you.
You die...

#.................#
........##.#####..#
###.....##.# #..#
#....###.#####..##
###..# #.........#####
#..# #..............
#..# #.#####...#### #..
#.#####){.#####
#.##...@.......# ..#
#.##.##.#.#####.# #.#
..........# ##.###.#
#.......... ...##.#
>.........## #..##.#
##.#.###### #..##.#
#.#.# #..##.#
#.#.##########.....#
####.#........#....#..##


There were no monsters in sight!

Vanquished Creatures
  A phantom (D:4)
  A scorpion (D:4)
  2 hounds (D:4)
  An orc wizard (D:3)
  7 gnolls
  2 adders
  2 worms
  2 dart slugs
  4 orcs (D:3)
  9 bats
  5 endoplasms (D:3)
  4 giant cockroaches
  3 goblins
  7 hobgoblins
  8 jackals (D:2)
  6 kobolds
  3 quokkas
  10 ball pythons
  5 frilled lizards
  9 rats
91 creatures vanquished.

Notes
Turn   | Place    | Note
-------+----------+-------------------------------------------
     0 | D:1      | Ijustatesigmund the Octopode Venom Mage began the quest for
                  | the Orb.
     0 | D:1      | Reached XP level 1. HP: 11/11 MP: 3/3
   107 | D:1      | Found Tiucaarph's Magic Scroll Shoppe.
   173 | D:2      | Reached XP level 2. HP: 9/18 MP: 0/5
   284 | D:2      | Learned a level 2 spell: Poisonous Vapours
   375 | D:2      | Found a shadowy altar of Dithmenos.
   538 | D:2      | Reached skill level 1 in Fighting
   538 | D:2      | Reached skill level 4 in Poison Magic
   695 | D:2      | Reached XP level 3. HP: 23/23 MP: 2/6
   707 | D:2      | Learned a level 3 spell: Mephitic Cloud
  1441 | D:1      | Bought a scroll of identify for 28 gold pieces
  1529 | D:1      | Reached skill level 1 in Air Magic
  1927 | D:1      | Reached XP level 4. HP: 28/28 MP: 2/7
  2899 | D:3      | Reached skill level 1 in Conjurations
  2961 | D:3      | Reached XP level 5. HP: 34/34 MP: 1/9
  3687 | D:3      | Found a faded altar of an unknown god.
  3837 | D:4      | Reached skill level 1 in Polearms
  3837 | D:4      | Reached skill level 5 in Poison Magic
  3837 | D:4      | Reached XP level 6. HP: 35/39 MP: 5/10
  3842 | D:4      | Learned a level 4 spell: Olgreb's Toxic Radiance
  4114 | D:1      | Bought a scroll of revelation for 105 gold pieces
  4322 | D:4      | Found a staircase to the Ecumenical Temple.
  4355 | Temple   | Entered the Ecumenical Temple
  4503 | Temple   | Became a worshipper of Vehumet
  4600 | D:4      | Noticed a sky beast
  4611 | D:4      | Slain by a sky beast

Illustrated notes

Levels and vault maps discovered:
D:1:      dpeg_arrival_fog, layout_loops_ring, serial_shops, shop
D:2:      layout_basic, basic_altar
D:3:      minmay_chambers_of_twos, layout_loops_ring,
          shapermc_ecumenical_altar_flowoftime, serial_bayou,
          serial_bayou_pond_c, serial_bayou_shore_a, serial_bayou_lagoon_a,
          serial_bayou_pond_b
D:4:      nicolae_cairo_tiling_large, layout_loops_ring, temple_doors_e,
          serial_shops, shop, roderic_roman_lattice
Temple:   nicolae_temple_bog_church

Skill      XL: |  1  2  3  4  5  6 |
---------------+-------------------+-----
Fighting       | 1 2 |  2.0
Poison Magic   | 4 5 |  5.2
Air Magic      | 1 2 |  2.6
Conjurations   | 1 2 |  2.3
Spellcasting   | 3 |  3.4
Polearms       | 1 |  1.8
Dodging        | |  2.0
Stealth        | |  2.6
Transmutations | |  1.0

Action                     |  1- 3 |  4- 6 || total
---------------------------+-------+-------++-------
  Melee: Unarmed           |    19 |       ||    19
         Tentacles         |    13 |    27 ||    40
         Constrict         |    18 |    29 ||    47
         Spear             |    44 |    28 ||    72
         Punch             |     1 |     2 ||     3
         Trident           |       |    87 ||    87
         Short sword       |       |    10 ||    10
   Fire: Orcbow            |     9 |       ||     9
   Cast: Sting             |    11 |     8 ||    19
         Poisonous Vapours |    19 |    34 ||    53
         Mephitic Cloud    |       |     4 ||     4
    Use: Scroll            |     3 |     2 ||     5
         Potion            |       |     4 ||     4
   Stab: Sleeping          |     1 |     4 ||     5
         Confused          |       |     2 ||     2
 Armour: Skin              |     9 |     8 ||    17
  Dodge: Dodged            |    42 |    60 ||   102

Table legend: (Time is in decaauts)
 A = Elapsed time spent in this place.
 B = Non-inter-level travel time spent in this place.
 C = Inter-level travel time spent in this place.
 D = Time resting spent in this place.
 E = Time spent auto-exploring this place.
 F = Levels seen in this place.
 G = Mean time per level.
                   A        B        C        D        E       F      G
               +--------+--------+--------+--------+--------+-----+--------+
         Total |   4646 |   4375 |    271 |    688 |   3036 |   5 |  929.2 |
       Dungeon |   4476 |   4250 |    226 |    688 |   2929 |   4 | 1119.0 |
        Temple |    170 |    126 |     44 |      0 |    107 |   1 |  170.0 |
               +--------+--------+--------+--------+--------+-----+--------+

Top non-repeatable levels by time:
     D:3: 1487 daAuts
     D:2: 1274 daAuts
     D:1: 1228 daAuts
     D:4: 485 daAuts
  Temple: 170 daAuts
